General information
- name: BNet
- type: Ladder team game (AT/RT)
- host: Battle.net
- saver: rebbatskcab
map: MarketSquare
- players: 8
- length: 78:20
- speed: Fast
- version: 1.27 W3XP
- replay type: Public
» download(333 KB)
Players
team 1 (winner)
Jmerp (
red | 41 APM | 2155 actions | 52:52)
10 Blademaster
3 Wind Walk
3 Critical Strike
1 Bladestorm
3 Mirror Image
1 Demon Hunter
1 Mana Burn
» actions
| Basic commands | 91 | |
| Build / train | 139 | |
| Enter build submenu | 44 | |
| Enter hero's abilities submenu | 11 | |
| Give item / drop item | 1 | |
| Remove unit from queue | 8 | |
| Right click | 1013 | |
| Select / deselect | 722 | |
| Use ability | 126 | |
2155 total
» units
| Peon | 7 | |
| Grunt | 9 | |
| Archer | 5 | |
| Wisp | 11 | |
| Shaman | 10 | |
| Tauren | 12 | |
| Hippogryph | 27 | |
81 total
» upgrades
| Pillage | 1 | |
| Melee Weapons | 3 | |
| Armor | 3 | |
| Strength of the Moon | 1 | |
| Berserker Strength | 1 | |
| Improved Bows | 1 | |
| Shaman Training | 2 | |
| Reinforced Defenses | 1 | |
| Strength of the Wild | 3 | |
| Reinforced Hides | 3 | |
| Pulverize | 1 | |
| Hippogryph Taming | 1 | |
| Ultravision | 1 | |
22 total
» buildings
| Altar of Storms | 1 | |
| Orc Burrow | 7 | |
| Barracks | 2 | |
| Voodoo Lounge | 1 | |
| War Mill | 1 | |
| Moon Well | 8 | |
| Ancient Protector | 3 | |
| Stronghold | 1 | |
| Watch Tower | 8 | |
| Spirit Lodge | 1 | |
| Fortress | 1 | |
| Ancient of Wind | 4 | |
| Tauren Totem | 2 | |
| Great Hall | 1 | |
41 total
» build order
00:07 Altar of Storms
00:10 Orc Burrow
01:15 Barracks
01:27 Voodoo Lounge
02:35 Orc Burrow
02:53 War Mill
04:00 Moon Well
04:01 Moon Well
04:09 Moon Well
04:26 Orc Burrow
05:11 Ancient Protector
05:29 Barracks
05:34 Moon Well
06:25 Stronghold
06:38 Watch Tower
06:59 Moon Well
07:46 Watch Tower
07:51 Orc Burrow
08:55 Spirit Lodge
08:56 Fortress
09:06 Watch Tower
09:11 Orc Burrow
09:53 Ancient of Wind
10:20 Watch Tower
10:24 Watch Tower
11:33 Tauren Totem
11:35 Tauren Totem
13:43 Ancient of Wind
20:37 Orc Burrow
20:45 Moon Well
21:53 Watch Tower
24:24 Orc Burrow
25:12 Ancient of Wind
25:14 Ancient of Wind
25:16 Ancient Protector
25:18 Ancient Protector
25:20 Moon Well
25:21 Moon Well
32:54 Great Hall
32:58 Watch Tower
32:59 Watch Tower
» items
| Healing Salve | 4 | |
| Lesser Clarity Potion | 4 | |
| Orb of Lightning | 1 | |
| Potion of Healing | 3 | |
| Scroll of Town Portal | 2 | |
14 total
rebbatskcab (
teal | 68 APM | 5354 actions | 78:20)
10 Blademaster
3 Wind Walk
3 Critical Strike
1 Bladestorm
3 Mirror Image
» actions
| Assign group hotkey | 144 | |
| Basic commands | 90 | |
| Build / train | 183 | |
| ESC pressed | 5 | |
| Enter build submenu | 72 | |
| Enter hero's abilities submenu | 10 | |
| Give item / drop item | 20 | |
| Remove unit from queue | 3 | |
| Right click | 2039 | |
| Select / deselect | 607 | |
| Select group hotkey | 1723 | |
| Use ability | 458 | |
5354 total
» units
| Peon | 32 | |
| Wisp | 9 | |
| Grunt | 4 | |
| Wind Rider | 5 | |
| Kodo Beast | 3 | |
| Troll Batrider | 18 | |
| Demolisher | 1 | |
| Troll Headhunter/Berserker | 2 | |
| Raider | 1 | |
75 total
» upgrades
| Berserker Strength | 1 | |
| Moon Armor | 1 | |
| Armor | 3 | |
| Nature's Blessing | 1 | |
| Ranged Weapons | 3 | |
| Reinforced Defenses | 1 | |
| Envenomed Spears | 1 | |
| Pillage | 1 | |
| War Drums Damage Increase | 1 | |
| Liquid Fire | 1 | |
| Well Spring | 1 | |
| Backpack | 1 | |
| Spiked Barricades | 3 | |
| Troll Regeneration | 1 | |
| Melee Weapons | 3 | |
| Burning Oil | 1 | |
| Ensnare | 1 | |
| Berserker Upgrade | 1 | |
26 total
» buildings
| Orc Burrow | 9 | |
| Altar of Storms | 3 | |
| Barracks | 3 | |
| Voodoo Lounge | 1 | |
| Hunter's Hall | 2 | |
| Stronghold | 3 | |
| War Mill | 2 | |
| Ancient Protector | 8 | |
| Watch Tower | 27 | |
| Great Hall | 4 | |
| Tree of Ages | 5 | |
| Beastiary | 4 | |
| Fortress | 5 | |
| Tree of Eternity | 5 | |
| Moon Well | 2 | |
| Spirit Lodge | 2 | |
85 total
» build order
00:08 Orc Burrow
00:17 Orc Burrow
01:14 Altar of Storms
01:17 Barracks
01:54 Voodoo Lounge
02:22 Orc Burrow
02:41 Hunter's Hall
03:29 Hunter's Hall
04:07 Stronghold
04:07 Stronghold
05:02 War Mill
05:11 Orc Burrow
06:01 Ancient Protector
06:02 Ancient Protector
06:15 Watch Tower
06:21 Watch Tower
06:22 Watch Tower
06:43 Great Hall
06:47 Watch Tower
06:51 Watch Tower
07:06 Watch Tower
07:15 Watch Tower
07:17 Tree of Ages
07:18 Tree of Ages
07:18 Tree of Ages
07:33 Beastiary
08:01 Watch Tower
08:10 Watch Tower
09:02 Watch Tower
09:04 Watch Tower
09:52 Fortress
09:52 Fortress
09:52 Fortress
10:15 Beastiary
11:18 Tree of Eternity
11:18 Tree of Eternity
11:18 Tree of Eternity
11:20 Ancient Protector
11:22 Ancient Protector
11:24 Ancient Protector
11:57 Orc Burrow
12:00 Orc Burrow
14:23 Watch Tower
14:23 Watch Tower
16:47 Beastiary
16:50 Beastiary
17:16 Watch Tower
18:54 Ancient Protector
18:56 Ancient Protector
19:01 Ancient Protector
20:45 Moon Well
20:46 Moon Well
21:53 Watch Tower
21:53 Watch Tower
25:42 Orc Burrow
25:54 Barracks
25:57 Barracks
31:40 Orc Burrow
31:44 Orc Burrow
33:51 Altar of Storms
33:55 Altar of Storms
38:21 Watch Tower
38:23 Watch Tower
38:24 Watch Tower
38:25 Watch Tower
39:36 Watch Tower
40:56 Great Hall
41:13 Watch Tower
42:18 Great Hall
42:24 Watch Tower
43:28 Watch Tower
43:30 Watch Tower
43:31 Watch Tower
43:44 War Mill
47:01 Great Hall
49:46 Watch Tower
59:04 Spirit Lodge
59:06 Spirit Lodge
» items
| Healing Salve | 7 | |
| Lesser Clarity Potion | 8 | |
| Potion of Mana | 4 | |
| Orb of Lightning | 1 | |
| Scroll of Town Portal | 1 | |
| Tiny Great Hall | 1 | |
| Staff of Teleportation | 1 | |
23 total

»
lacai (
orange | 21 APM | 64 actions | 03:04)
» actions
| Build / train | 13 | |
| Enter build submenu | 6 | |
| Right click | 12 | |
| Select / deselect | 24 | |
| Use ability | 9 | |
64 total
» units
» buildings
| Altar of Elders | 1 | |
| Moon Well | 2 | |
| Ancient of War | 2 | |
| Hunter's Hall | 1 | |
6 total
» build order
00:53 Altar of Elders
00:57 Moon Well
01:06 Ancient of War
02:50 Hunter's Hall
02:57 Ancient of War
03:01 Moon Well
hotwasabi (
blue | 17 APM | 33 actions | 01:57)
» actions
| Build / train | 4 | |
| ESC pressed | 1 | |
| Enter build submenu | 2 | |
| Right click | 7 | |
| Select / deselect | 17 | |
| Use ability | 2 | |
33 total
» units
» buildings
| Altar of Elders | 1 | |
| Moon Well | 1 | |
2 total
» build order
00:18 Altar of Elders
01:26 Moon Well
team 2 (loser)
descartes (
yellow | 35 APM | 2357 actions | 68:16)
6 Mountain King
3 Storm Bolt
2 Bash
1 Avatar
5 Firelord
3 Summon Lava Spawn
2 Soul Burn
» actions
| Basic commands | 87 | |
| Build / train | 138 | |
| ESC pressed | 5 | |
| Enter build submenu | 46 | |
| Enter hero's abilities submenu | 12 | |
| Give item / drop item | 2 | |
| Remove unit from queue | 15 | |
| Right click | 1275 | |
| Select / deselect | 660 | |
| Use ability | 117 | |
2357 total
» units
| Peasant | 24 | |
| Footman | 10 | |
| Gryphon Rider | 6 | |
| Siege Engine | 14 | |
| Rifleman | 5 | |
59 total
» upgrades
| Defend | 1 | |
| Lumber Harvesting | 2 | |
| Storm Hammers | 1 | |
| Masonry | 3 | |
| Swords | 2 | |
| Armor | 2 | |
| Magic Sentry | 1 | |
| Barrage | 1 | |
| Gunpowder | 2 | |
15 total
» buildings
| Altar of Kings | 2 | |
| Farm | 22 | |
| Barracks | 1 | |
| Lumber Mill | 2 | |
| Keep | 1 | |
| Castle | 2 | |
| Town Hall | 2 | |
| Scout Tower | 22 | |
| Gryphon Aviary | 2 | |
| Guard Tower | 19 | |
| Arcane Tower | 1 | |
| Blacksmith | 1 | |
| Arcane Sanctum | 1 | |
| Workshop | 4 | |
| Cannon Tower | 1 | |
83 total
» build order
00:22 Altar of Kings
00:35 Farm
00:50 Barracks
01:04 Farm
01:23 Lumber Mill
01:42 Farm
01:52 Farm
05:20 Keep
05:24 Farm
05:25 Farm
05:26 Farm
07:41 Castle
08:58 Town Hall
09:01 Scout Tower
09:01 Scout Tower
09:02 Scout Tower
09:03 Scout Tower
09:12 Scout Tower
09:13 Scout Tower
09:21 Gryphon Aviary
09:22 Gryphon Aviary
09:44 Guard Tower
09:44 Guard Tower
09:44 Guard Tower
09:45 Scout Tower
09:46 Scout Tower
09:47 Scout Tower
10:27 Arcane Tower
10:38 Farm
10:39 Farm
10:41 Farm
10:42 Farm
10:43 Farm
10:46 Farm
10:47 Farm
12:18 Blacksmith
13:30 Farm
15:35 Scout Tower
15:35 Scout Tower
15:36 Scout Tower
15:37 Scout Tower
15:37 Scout Tower
15:38 Scout Tower
15:39 Scout Tower
15:39 Scout Tower
15:42 Scout Tower
15:43 Scout Tower
15:43 Scout Tower
15:45 Scout Tower
15:47 Arcane Sanctum
17:58 Guard Tower
17:59 Guard Tower
17:59 Guard Tower
18:28 Workshop
18:30 Workshop
18:36 Workshop
18:38 Workshop
18:41 Guard Tower
18:41 Guard Tower
18:42 Guard Tower
18:57 Guard Tower
18:58 Guard Tower
18:58 Guard Tower
21:03 Cannon Tower
21:31 Guard Tower
22:31 Guard Tower
30:15 Town Hall
31:38 Farm
31:39 Farm
36:42 Altar of Kings
37:04 Farm
37:09 Lumber Mill
47:09 Farm
47:11 Farm
47:14 Farm
47:15 Farm
» items
| Boots of Speed | 2 | |
| Dust of Appearance | 2 | |
| Circlet of Nobility | 1 | |
| Scroll of Town Portal | 5 | |
10 total
MYBLADEURASS (
purple | 53 APM | 4124 actions | 77:58)
10 Blademaster
3 Wind Walk
3 Critical Strike
1 Bladestorm
3 Mirror Image
» actions
| Assign group hotkey | 51 | |
| Basic commands | 487 | |
| Build / train | 89 | |
| Enter build submenu | 89 | |
| Enter hero's abilities submenu | 10 | |
| Give item / drop item | 5 | |
| Remove unit from queue | 1 | |
| Right click | 1471 | |
| Select / deselect | 678 | |
| Select group hotkey | 960 | |
| Use ability | 283 | |
4124 total
» units
| Peon | 25 | |
| Grunt | 6 | |
| Wind Rider | 11 | |
| Troll Witch Doctor | 5 | |
47 total
» upgrades
| Reinforced Defenses | 1 | |
| Ranged Weapons | 3 | |
| Envenomed Spears | 1 | |
| Armor | 3 | |
| Spiked Barricades | 2 | |
| Liquid Fire | 1 | |
| Pillage | 1 | |
| Troll Regeneration | 1 | |
| Burning Oil | 1 | |
14 total
» buildings
| Orc Burrow | 6 | |
| Altar of Storms | 1 | |
| Barracks | 1 | |
| Voodoo Lounge | 4 | |
| War Mill | 2 | |
| Stronghold | 2 | |
| Great Hall | 5 | |
| Watch Tower | 68 | |
| Beastiary | 4 | |
| Fortress | 2 | |
| Spirit Lodge | 1 | |
96 total
» build order
00:12 Orc Burrow
00:40 Orc Burrow
01:10 Altar of Storms
01:12 Barracks
01:56 Voodoo Lounge
02:40 War Mill
03:54 Stronghold
04:51 Orc Burrow
05:32 Great Hall
05:46 Watch Tower
05:47 Watch Tower
05:48 Watch Tower
05:48 Watch Tower
07:34 Beastiary
07:35 Beastiary
07:47 Beastiary
07:49 Orc Burrow
08:20 Fortress
08:34 Beastiary
08:40 Orc Burrow
11:41 Orc Burrow
11:47 War Mill
12:36 Great Hall
12:48 Watch Tower
12:49 Watch Tower
12:53 Watch Tower
12:53 Watch Tower
14:16 Watch Tower
14:17 Watch Tower
14:19 Watch Tower
14:21 Watch Tower
14:45 Watch Tower
14:45 Watch Tower
14:47 Watch Tower
14:47 Watch Tower
16:58 Watch Tower
16:59 Watch Tower
17:03 Watch Tower
17:03 Watch Tower
17:03 Watch Tower
17:06 Watch Tower
17:07 Watch Tower
17:08 Watch Tower
17:10 Watch Tower
17:10 Watch Tower
17:12 Watch Tower
17:12 Watch Tower
20:39 Voodoo Lounge
20:42 Voodoo Lounge
20:47 Voodoo Lounge
21:28 Watch Tower
21:29 Watch Tower
21:33 Watch Tower
21:34 Watch Tower
21:37 Watch Tower
21:38 Watch Tower
21:42 Watch Tower
21:43 Watch Tower
21:47 Watch Tower
21:49 Watch Tower
21:53 Watch Tower
21:53 Watch Tower
23:58 Watch Tower
23:58 Watch Tower
24:00 Watch Tower
24:01 Watch Tower
24:03 Watch Tower
32:45 Stronghold
34:39 Great Hall
34:43 Watch Tower
34:43 Watch Tower
34:44 Watch Tower
34:45 Watch Tower
34:45 Watch Tower
34:49 Watch Tower
34:51 Watch Tower
34:51 Watch Tower
34:51 Watch Tower
35:42 Fortress
37:04 Great Hall
37:08 Watch Tower
37:09 Watch Tower
37:09 Watch Tower
37:09 Watch Tower
37:15 Watch Tower
37:16 Watch Tower
37:16 Watch Tower
37:17 Watch Tower
37:19 Watch Tower
37:19 Watch Tower
37:20 Watch Tower
37:20 Watch Tower
37:46 Great Hall
42:31 Spirit Lodge
» items
| Healing Salve | 2 | |
| Periapt of Vitality | 1 | |
| Staff of Teleportation | 2 | |
| Orb of Lightning | 1 | |
| Tiny Great Hall | 1 | |
| Dust of Appearance | 2 | |
| Scroll of Town Portal | 1 | |
| Circlet of Nobility | 1 | |
11 total

»
K1NG_ (
green | 18 APM | 1380 actions | 78:20)
9 Priestess of the Moon
3 Trueshot Aura
3 Searing Arrows
1 Starfall
2 Scout
» actions
| Assign group hotkey | 7 | |
| Basic commands | 6 | |
| Build / train | 99 | |
| Enter build submenu | 20 | |
| Enter hero's abilities submenu | 9 | |
| Give item / drop item | 2 | |
| Remove unit from queue | 1 | |
| Right click | 770 | |
| Select / deselect | 392 | |
| Select group hotkey | 1 | |
| Use ability | 73 | |
1380 total
» units
| Wisp | 25 | |
| Archer | 16 | |
| Hippogryph | 13 | |
| Druid of the Talon | 5 | |
59 total
» upgrades
| Strength of the Moon | 3 | |
| Moon Armor | 3 | |
| Ultravision | 1 | |
| Improved Bows | 1 | |
| Hippogryph Taming | 1 | |
| Marksmanship | 1 | |
| Well Spring | 1 | |
| Druid of the Talon Training | 2 | |
| Strength of the Wild | 3 | |
| Reinforced Hides | 3 | |
| Mark of the Talon | 1 | |
| Vorpal Blades | 1 | |
21 total
» buildings
| Altar of Elders | 1 | |
| Moon Well | 7 | |
| Ancient of War | 2 | |
| Ancient of Wonders | 1 | |
| Hunter's Hall | 1 | |
| Tree of Ages | 1 | |
| Ancient of Wind | 2 | |
| Tree of Eternity | 1 | |
| Tree of Life | 5 | |
21 total
» build order
00:14 Altar of Elders
00:16 Moon Well
01:14 Moon Well
01:41 Ancient of War
02:16 Ancient of Wonders
02:42 Hunter's Hall
03:38 Moon Well
04:22 Moon Well
05:32 Moon Well
05:35 Tree of Ages
05:39 Moon Well
06:41 Moon Well
07:32 Ancient of War
08:06 Ancient of Wind
08:36 Ancient of Wind
08:40 Tree of Eternity
12:01 Tree of Life
25:19 Tree of Life
31:15 Tree of Life
36:56 Tree of Life
40:34 Tree of Life
» items
| Orb of Venom | 1 | |
| Boots of Speed | 1 | |
| Scroll of Town Portal | 2 | |
| Anti-magic Potion | 1 | |
5 total

»
zoosklyfe (
pink | 25 APM | 1983 actions | 78:20)
5 Priestess of the Moon
3 Trueshot Aura
2 Searing Arrows
4 Demon Hunter
2 Mana Burn
2 Evasion
4 Keeper of the Grove
1 Thorns Aura
2 Entangling Roots
1 Force of Nature
» actions
| Basic commands | 2 | |
| Build / train | 109 | |
| Enter build submenu | 39 | |
| Enter hero's abilities submenu | 13 | |
| Give item / drop item | 2 | |
| Remove unit from queue | 2 | |
| Right click | 1123 | |
| Select / deselect | 603 | |
| Use ability | 90 | |
1983 total
» units
| Wisp | 46 | |
| Archer | 4 | |
| Huntress | 8 | |
| Dryad | 15 | |
| Druid of the Claw | 3 | |
| Hippogryph | 1 | |
77 total
» upgrades
| Strength of the Moon | 1 | |
| Moon Armor | 1 | |
| Abolish Magic | 1 | |
| Strength of the Wild | 3 | |
| Reinforced Hides | 2 | |
| Druid of the Claw Training | 2 | |
| Well Spring | 1 | |
| Mark of the Claw | 1 | |
12 total
» buildings
| Altar of Elders | 1 | |
| Moon Well | 8 | |
| Ancient of War | 2 | |
| Hunter's Hall | 1 | |
| Ancient of Wonders | 1 | |
| Ancient Protector | 13 | |
| Tree of Ages | 1 | |
| Tree of Life | 8 | |
| Ancient of Lore | 2 | |
| Tree of Eternity | 1 | |
| Ancient of Wind | 1 | |
39 total
» build order
00:14 Altar of Elders
00:21 Moon Well
01:07 Ancient of War
01:26 Moon Well
02:24 Hunter's Hall
03:00 Moon Well
03:27 Ancient of Wonders
06:08 Ancient Protector
06:12 Ancient of War
06:46 Tree of Ages
07:00 Moon Well
07:57 Moon Well
09:43 Tree of Life
10:15 Ancient of Lore
11:32 Moon Well
12:06 Ancient Protector
12:49 Moon Well
12:54 Tree of Eternity
13:45 Moon Well
14:44 Ancient of Lore
14:52 Ancient Protector
16:04 Ancient Protector
16:11 Ancient Protector
17:13 Ancient Protector
17:44 Ancient Protector
20:26 Tree of Life
22:23 Ancient Protector
22:29 Ancient Protector
24:29 Tree of Life
25:26 Ancient Protector
25:43 Ancient Protector
26:04 Ancient Protector
28:04 Ancient of Wind
29:44 Tree of Life
30:15 Tree of Life
31:05 Ancient Protector
31:58 Tree of Life
34:11 Tree of Life
76:00 Tree of Life
» items
Chat log
(00:45 / Allies) hotwasabi: we got someone afk
(00:56 / Allies) rebbatskcab: he's back
(01:01 / Allies) lacai: :]
(01:09 / Allies) hotwasabi: i apologize i am a noob
(01:23 / Allies) rebbatskcab: how long you been playing?
(01:34 / Allies) hotwasabi: this game makes 2 lmaoooo
(01:46 / Allies) Jmerp: start by making a hero
(02:01 / Allies) Jmerp: smh
(02:04 / Allies) rebbatskcab: blue too noobie
(02:09 / Allies) rebbatskcab: he got anxiety and quit
(02:13 / Allies) Jmerp: oj use
(02:45 / Allies) lacai: RUSH
(03:24 / All) Jmerp: smh ppl cant put up with adversity these days
(03:29 / All) descartes: ?
(03:33 / All) rebbatskcab: ^^
(03:37 / All) rebbatskcab: also nice mh yellow
(03:39 / All) rebbatskcab: go straight for leaver
(03:41 / All) rebbatskcab: after he leaves
(03:43 / All) descartes: learned from your mommy
(03:47 / All) descartes: first town on our side
(03:50 / All) descartes: rip logic
(03:55 / All) rebbatskcab: you pinged it right after he left and went right there
(04:00 / All) descartes: plus allie suggested
(04:06 / All) descartes: so you mean you have mh?
(04:08 / All) descartes: fucking noob
(04:09 / All) rebbatskcab: no
(04:12 / All) rebbatskcab: mh detector
(04:12 / All) descartes: Stfu
(04:17 / All) descartes: stfu
(04:25 / All) rebbatskcab: mad you got exposed hacker?
(04:27 / All) rebbatskcab: sending this to blizzard
(04:30 / All) descartes: nah mad cus ur dumb
(04:32 / All) descartes: go ahead
(04:43 / All) K1NG_: bye felicia
(04:49 / All) descartes: 2001 game isnt my life
(04:50 / All) descartes: go ahead
(04:54 / All) descartes: noob fuck mh an old game
(06:10 / All) K1NG_: LOLL
(06:25 / All) zoosklyfe: lololol
(10:35 / All) MYBLADEURASS: pink has a really annoying habit of coming late to creeps
(10:42 / All) rebbatskcab: 2 pendants of energy lol
(10:44 / All) MYBLADEURASS: surely he sees he's only going to get close enough to teal exp
(10:47 / All) MYBLADEURASS: and not help?
(10:47 / All) rebbatskcab: just need claws now
(15:45 / All) K1NG_: LOL
(15:48 / All) rebbatskcab: how the hell you see that
(15:54 / All) K1NG_: pink had ward
(16:01 / All) K1NG_: went away 2 seconds later
(16:25 / All) K1NG_: LOL
(17:10 / All) K1NG_: LOL
(18:38 / Allies) Jmerp: try to use bats to take them out
(18:45 / Allies) rebbatskcab: gonna mass up bats when I can but low on wood
(18:47 / Allies) Jmerp: and illt ry to mass tuarn sham and hipps to hold them off
(18:48 / Allies) rebbatskcab: I hate this map for wood
(18:58 / Allies) rebbatskcab: ty
(21:30 / Allies) Jmerp: im going
(21:35 / Allies) rebbatskcab: omw
(22:26 / Allies) rebbatskcab: hit expos
(22:30 / Allies) rebbatskcab: not purp
(22:48 / Allies) Jmerp: just go
(23:04 / Allies) rebbatskcab: those next
(23:51 / All) rebbatskcab: 700 mana
(24:04 / Allies) Jmerp: imb
(24:47 / Allies) Jmerp: i go oj
(25:42 / All) K1NG_: mh
(25:48 / All) rebbatskcab: hitting expos
(25:49 / All) rebbatskcab: wow
(25:52 / All) rebbatskcab: he must maphack
(25:53 / All) K1NG_: LOL
(25:57 / Allies) Jmerp: wit me
(25:58 / Allies) Jmerp: stay wit me
(27:56 / Allies) rebbatskcab: hit a main after this
(28:00 / Allies) rebbatskcab: one of those
(29:06 / Allies) Jmerp: fuck gg
(29:07 / Allies) Jmerp: damn
(29:08 / Allies) rebbatskcab: not over yet
(29:10 / Allies) rebbatskcab: we may have it
(29:12 / Allies) Jmerp: thought we could fuck there gold up
(29:23 / Allies) Jmerp: u need to mass bats
(29:26 / Allies) rebbatskcab: we could still have it
(29:28 / Allies) rebbatskcab: they have lots of tanks
(29:40 / Allies) Jmerp: bro u ned to gold me lol
(29:50 / Allies) Jmerp: ty sir
(30:09 / Allies) rebbatskcab: so many tanks
(30:38 / Allies) rebbatskcab: defend at base
(31:42 / All) MYBLADEURASS: yellow tking
(31:50 / All) rebbatskcab: seriously
(31:53 / All) rebbatskcab: yellow is a tker AND hacker?
(32:06 / Allies) Jmerp: more gold?
(32:31 / Allies) Jmerp: ty ty
(33:21 / Allies) Jmerp: ill wipe pink
(33:26 / Allies) Jmerp: i ahve whirlwind up
(33:33 / All) K1NG_: ROFL
(33:36 / All) rebbatskcab: yeah
(33:38 / All) rebbatskcab: click the right one
(33:40 / All) rebbatskcab: instantly
(33:42 / All) rebbatskcab: when I use mirror image
(34:04 / Allies) Jmerp: im going
(34:06 / All) K1NG_: i cheat of course
(34:11 / All) rebbatskcab: obviously
(35:26 / All) MYBLADEURASS: Bully
(39:29 / Allies) Jmerp: nice
(39:36 / Allies) Jmerp: they have to be near to out of gold
(39:39 / Allies) rebbatskcab: yeah
(39:40 / Allies) Jmerp: if we can keep our bms up we have a chance
(40:28 / All) K1NG_: expo bottom right
(40:43 / All) K1NG_: and left of healing
(40:55 / Allies) Jmerp: wait for me before u hit
(41:01 / All) MYBLADEURASS: MESS WITH TEH BEST
(41:04 / All) MYBLADEURASS: DIE LIKE THE REST
(42:12 / All) MYBLADEURASS: Green's a shadowrun decker
(42:14 / All) MYBLADEURASS: level 22
(43:14 / All) MYBLADEURASS: YOU GOT RAPED GREEN = FACT
(43:23 / All) MYBLADEURASS: Yes I am MERCIFUL
(43:27 / All) K1NG_: actually u lost too?
(43:34 / All) K1NG_: in no different way lol
(43:37 / All) MYBLADEURASS: NOBODY HAS LOST YET BOY
(45:16 / Allies) Jmerp: how the fuck did they let u build 4 expos lol
(45:22 / Allies) Jmerp: 3*
(45:54 / All) K1NG_: red bottom right
(46:05 / All) K1NG_: that mine almost gone
(46:18 / All) K1NG_: he on yoou
(46:21 / Allies) rebbatskcab: not sure
(46:24 / Allies) rebbatskcab: glad I got my expos now
(46:29 / Allies) rebbatskcab: and can start bringing in some dough
(46:37 / All) K1NG_: he going top right
(46:41 / All) K1NG_: placing wards
(46:43 / Allies) rebbatskcab: im stuck
(46:44 / Allies) rebbatskcab: help
(46:49 / Allies) rebbatskcab: gonna expo again
(46:50 / Allies) Jmerp: let my base die
(46:51 / Allies) rebbatskcab: mid left
(47:22 / All) K1NG_: nice teal
(47:27 / All) K1NG_: bottom right last expo
(47:33 / All) K1NG_: 8g gold in it
(47:36 / Allies) Jmerp: fight
(47:37 / All) rebbatskcab: you were laughing a lot earlier green
(47:39 / All) rebbatskcab: still having fun?
(47:45 / Allies) Jmerp: fight fight
(47:45 / All) K1NG_: why not?
(47:47 / Allies) Jmerp: YO TELAL
(47:49 / Allies) rebbatskcab: I want to harvest gold
(47:51 / Allies) rebbatskcab: not fight
(47:53 / Allies) rebbatskcab: make love not war
(48:05 / All) rebbatskcab: wat are they doing this game then
(48:23 / All) K1NG_: purp got 20 k sooo
(48:38 / All) rebbatskcab: I have 5k and growing
(48:50 / Allies) rebbatskcab: noob
(48:51 / All) descartes: u mean 4k?
(49:01 / All) rebbatskcab: lol
(49:04 / All) rebbatskcab: so you do have maphack
(49:12 / All) descartes: no my friend told me
(49:15 / All) K1NG_: nope
(49:23 / All) rebbatskcab: yeah "your friend"
(49:29 / All) descartes: mhm
(49:32 / All) rebbatskcab: I have 5k now and always slightly overstate
(49:38 / All) rebbatskcab: and you knew
(49:40 / All) K1NG_: a
(49:41 / All) descartes: 5.4?
(49:41 / All) rebbatskcab: so, you have maphack
(49:48 / All) descartes: no all i have is fuckyour mom hack
(49:54 / All) rebbatskcab: I'm fucking your mom right now
(49:54 / All) K1NG_: lol shots fired
(50:01 / All) K1NG_: dammmnnnn
(50:02 / All) rebbatskcab: yellow's mom gives mean head
(50:04 / All) descartes: bot quiete
(51:10 / All) K1NG_: run red he chasing u
(52:25 / All) Jmerp: gg lol
(52:26 / All) MYBLADEURASS: see you later alligator
(52:31 / All) K1NG_: purps getting raped lol
(52:34 / Allies) rebbatskcab: gg
(52:35 / Allies) rebbatskcab: think we lost
(61:18 / All) zoosklyfe: your so lucky bro
(61:28 / All) K1NG_: MYDICK YOURMOM BUTT
(63:26 / All) MYBLADEURASS: How long can it last?
(66:27 / All) MYBLADEURASS: What's my IP green
(66:28 / All) MYBLADEURASS: and yellow
(66:31 / All) MYBLADEURASS: Computer experts
(66:39 / All) MYBLADEURASS: Green is a decker from shadowrun , level 22
(69:13 / All) MYBLADEURASS: 1 down
(73:20 / All) MYBLADEURASS: oh
(73:21 / All) MYBLADEURASS: lol
(74:06 / All) zoosklyfe: green is a fucktard
(74:31 / All) zoosklyfe: like a mentally ill kid
(74:40 / All) zoosklyfe: "hes A+ fuckboy
(74:51 / All) zoosklyfe: yes leige lord
(75:06 / All) MYBLADEURASS: Do you agree that I am a much finer player of Warcraft 3 than he shall ever be?
(75:19 / All) zoosklyfe: of course my leige lord
(75:37 / All) zoosklyfe: you are the 238974538892 times better
(75:45 / All) zoosklyfe: my liege lord
(77:09 / All) zoosklyfe: at las my leige lord, I only have one wisp